 Dungeon Crawl Stone Soup version 0.25-a0-544-gee0576305d (webtiles) character file.

Game seed: 10443905245455390867, levelgen mode: classic

65459 EnegeticOcto the Cleaver (level 14, 47/138 HPs)
             Began as a Deep Dwarf Fighter on Feb 20, 2020.
             Was the Champion of Makhleb.
             Quit the game on level 3 of the Snake Pit.
             The game lasted 00:11:24 (11356 turns).

EnegeticOcto the Cleaver (Deep Dwarf Fighter)      Turns: 11356, Time: 00:11:24

Health: 47/138     AC: 25    Str: 23    XL:     14   Next: 75%
Magic:  3/3        EV:  9    Int: 14    God:    Makhleb [******]
Gold:   1534       SH: 13    Dex: 18    Spells: 13/13 levels left

rFire    + . .     SeeInvis +   K - +10 war axe of the Girdle {freeze, Int+4}
rCold    . . .     Gourm    .   c - +0 kite shield
rNeg     + . .     Faith    .   r - +2 plate armour {MR+}
rPois    +         Spirit   .   J - +1 helmet
rElec    +         Reflect  .   (no cloak)
rCorr    .         Harm     .   D - +2 pair of gloves {Dex+3}
MR       +++..     Rnd*Tele +   A - +1 pair of boots
Stlth    ..........             (no amulet)
HPRegen  0.00/turn              B - ring of protection from fire
MPRegen  0.08/turn              L - ring "Lirozuk" {*Tele rElec Int-3 Dex+3 SInv}

@: quite poisoned (47 -> 23), about to teleport, non-regenerating, constricted
A: damage resistance, heal wounds, clever 1, negative energy resistance 1, sense
surroundings 2, poison resistance, electricity resistance, MP-powered wands, no
regeneration
a: Heal Wounds, Minor Destruction, Lesser Servant of Makhleb, Major Destruction,
Greater Servant of Makhleb, Renounce Religion


You were on level 3 of the Snake Pit.
You worshipped Makhleb.
Makhleb was exalted by your worship.
You were not hungry.

You visited 5 branches of the dungeon, and saw 20 of its levels.
You visited the Abyss 1 time.
You also visited: Ossuary and Gauntlet.

You collected 1534 gold pieces.

Inventory:

Hand Weapons
 K - the +10 war axe of the Girdle (weapon) {freeze, Int+4}
   (You took it off a minotaur in a Gauntlet)

   It has been specially enchanted to freeze those struck by it, causing extra
   injury to most foes and up to half again as much damage against particularly
   susceptible opponents.
   It can also slow down cold-blooded creatures.
   It affects your intelligence (+4).
Armour
 c - a +0 kite shield (worn)
 r - a +2 plate armour of magic resistance (worn)
 A - a +1 pair of boots (worn)
 D - a +2 pair of gloves of dexterity (worn)
 E - a +0 pair of boots of flying
 J - a +1 helmet (worn)
 N - the +0 cloak "Pooraeps" {Regen+}
   (You found it on level 2 of the Abyss)

   It increases your rate of regeneration.
   If you switch to wearing this armour, your AC will increase by 1 (25 -> 26).
Jewellery
 x - the ring of the Sky {rC+ EV+1}
   (You found it in a Gauntlet)

   [ring of evasion]

   It affects your evasion (+1).
   It protects you from cold.
 B - a ring of protection from fire (left hand)
 C - a +2 ring of protection
 I - the amulet of Waoky {RegenMP rF- Str+3 Dex+3 Slay+2}
   (You found it in a Gauntlet)

   [amulet of magic regeneration]

   It increases your magic regeneration.
   It affects your strength (+3).
   It affects your dexterity (+3).
   It affects your accuracy and damage with ranged weapons and melee attacks
   (+2).
   It makes you vulnerable to fire.
 L - the ring "Lirozuk" (right hand) {*Tele rElec Int-3 Dex+3 SInv}
   (You found it on level 12 of the Dungeon)

   [ring of teleportation]

   It may teleport you next to monsters.
   It affects your intelligence (-3).
   It affects your dexterity (+3).
   It insulates you from electricity.
   It lets you see invisible.
Wands
 o - a wand of iceblast (5)
 q - a wand of polymorph (9)
 y - a wand of disintegration (7)
 G - a wand of paralysis (11)
 H - a wand of flame (14)
Scrolls
 b - a scroll of immolation {@r4}
 d - 3 scrolls of remove curse {@r6}
 g - 3 scrolls of amnesia
 h - 3 scrolls of enchant armour
 i - 3 scrolls of magic mapping {@r5}
 l - 6 scrolls of teleportation {@r2}
 s - 3 scrolls of blinking {@r3}
 M - a scroll of identify {@r1}
Potions
 f - 2 potions of flight
 j - a potion of stabbing {@q5}
 k - a potion of might {@q3}
 m - 4 potions of lignification {@q7}
 n - 4 potions of haste {@q4}
 p - 7 potions of curing {@q1}
 t - a potion of cancellation
 u - a potion of resistance {unknown}
 v - a potion of brilliance
 w - 2 potions of magic
 z - 2 potions of heal wounds {@q2}
 F - a potion of mutation
Comestibles
 e - 19 rations


   Skills:
 * Level 12.1 Fighting
 * Level 13.9 Axes
 + Level 10.6 Armour
 + Level 10.1 Dodging
 + Level 10.7 Shields
 * Level 13.8 Invocations


You had 13 spell levels left.
You didn't know any spells.
Your spell library was empty.

Dungeon Overview and Level Annotations

Branches:
Dungeon (12/15)            Temple (1/1) D:7            Lair (2/6) D:9
  Swamp (0/4) Lair:2        Snake (3/4) Lair:2          Orc (2/2) D:12
    Elf (0/3) Orc:2       Ossuary (visited)         Gauntlet (visited)

Altars:
Ashenzari
Elyvilon
Hepliaklqana
Kikubaaqudgha
Makhleb
Okawaru
Qazlal
Uskayaw
Vehumet
Xom
Yredelemnul
Zin

Shops:
Orc:1 [   Orc:2 (%:?

Portals:
Pandemonium: Orc:2

Annotations:
D:5 Prince Ribbit
Snake:2 Vashnia


Innate Abilities, Weirdness & Mutations

You are resistant to damage.
You can heal yourself by infusing magical energy.
You resist negative energy. (rN+)
You passively map the area around you.
You do not regenerate.
Your mind is acute. (Int +2)
Your system is resistant to poisons. (rPois)
You are resistant to electric shocks. (rElec)
You expend magic power (3 MP) to strengthen your wands.


Message History

A nagaraja is nearby!
A nagaraja is nearby!
A nagaraja is nearby!
The nagaraja spits poison at you.
The splash of poison hits you but does no damage.
You resist.
The nagaraja gestures at you while chanting.
The poison arrow hits you!
You are poisoned.
You partially resist.
The nagaraja gestures at you while chanting.
The poison arrow hits you!
You are more poisoned.
You partially resist.
You slash the nagaraja! You freeze the nagaraja.
The nagaraja is moderately wounded.
The nagaraja hits you with a +0 spear! The nagaraja grabs you.
The nagaraja constricts you.
You are too injured to fight recklessly!
You are too injured to fight recklessly!
You are too injured to fight recklessly!
You are too injured to fight recklessly!
You are too injured to fight recklessly!
You are too injured to fight recklessly!
You are too injured to fight recklessly!
You are too injured to fight recklessly!
You are too injured to fight recklessly!
You are too injured to fight recklessly!
A nagaraja is nearby!
You are too injured to fight recklessly!
You feel much better. The nagaraja spits poison at you.
The splash of poison hits you but does no damage.
You resist. The nagaraja constricts you. You block the nagaraja's attack.
The nagaraja constricts you.
You closely miss the nagaraja.
The nagaraja is moderately wounded.
You block the nagaraja's attack. The nagaraja constricts you.
You hit the nagaraja but do no damage.
The nagaraja is moderately wounded.
The nagaraja hits you but does no damage.
The nagaraja constricts you.
You hit the nagaraja. You freeze the nagaraja.
The nagaraja is moderately wounded.
You block the nagaraja's attack. The nagaraja constricts you.
Your plate armour prevents you from hitting the nagaraja.
The nagaraja is moderately wounded.
The nagaraja spits poison at you. You block the splash of poison.
The nagaraja constricts you. The nagaraja hits you with a +0 spear!
The nagaraja constricts you.
You slice the nagaraja!! You freeze the nagaraja!
The nagaraja is heavily wounded.
The nagaraja casts a spell at you. The poison arrow hits you!
You are more poisoned.
You partially resist. The nagaraja constricts you.
You are too injured to fight recklessly!
You are too injured to fight recklessly!
You are too injured to fight recklessly!
Your magical essence is drained by the effort!
You feel much better.
The nagaraja points at you and mumbles some strange words.
The bolt of poison hits you.
You are more poisoned.
You resist. The nagaraja constricts you.
You slash the nagaraja! You freeze the nagaraja.
The nagaraja is severely wounded.
You feel very sick. The nagaraja spits poison at you.
You block the splash of poison. The nagaraja constricts you.
You slash the nagaraja! You freeze the nagaraja.
The nagaraja is almost dead.
You feel sick. The nagaraja hits you with a +0 spear!
The nagaraja constricts you.
The nagaraja gestures at you while chanting.
You feel strangely unstable. The nagaraja constricts you.
You slash the nagaraja! You freeze the nagaraja.
The nagaraja is almost dead.
You feel very sick. You block the nagaraja's attack.
The nagaraja constricts you.
You closely miss the nagaraja.
The nagaraja is almost dead.
You feel sick. The nagaraja casts a spell at you. The poison arrow hits you!
You are more poisoned.
You partially resist. The nagaraja constricts you.
You are too injured to fight recklessly!
You are too injured to fight recklessly!
You are too injured to fight recklessly!
You are too injured to fight recklessly!
You are too injured to fight recklessly!
You are too injured to fight recklessly!
You are too injured to fight recklessly!
You are too injured to fight recklessly!
You are too injured to fight recklessly!
You are too injured to fight recklessly!
You are too injured to fight recklessly!
A nagaraja is nearby!
Are you sure you want to abandon this character and quit the game? (Confirm with "yes".)

, ,, #.#.###.....##..# ,
,,, #.........#####. *
,* ##........## #### *.,
* #.........####... *#.
** #................ *
#..#####.....##.........
#.......................
........................
.##...@................
* #..N.................
*,*
#.................... ,
#..........##........ *
#.........## ........ ,,
*#....##.### * ....... *
* ..#### #.* *.....##
... * .#* *#.###### ,, ,
, , #.#####.


You could see a nagaraja.

Vanquished Creatures
  2 nagarajas
  A minotaur (Gauntlet)
  A blizzard demon (Gauntlet)
  Josephine (Orc:2)
  A catoblepas (D:12)
  A naga warrior (Snake:3)
  An ogre mage (D:12)
  2 anacondas
  A death knight (D:12)
  2 two-headed ogres
  7 orc high priests
  2 naga sharpshooters
  A shock serpent (Snake:3)
  2 sun demons
  3 wretched stars (Abyss:3)
  2 unseen horrors
  2 torturous demonspawn (Orc:2)
  A gelid demonspawn (Orc:2)
  A skeletal warrior (D:12)
  A phantasmal warrior (Abyss:3)
  An infernal demonspawn (Orc:2)
  A swamp dragon (D:12)
  A naga ritualist (Snake:3)
  4 orc knights (Orc:2)
  6 ugly things
  2 deep elf magi (D:12)
  5 orc sorcerers (Orc:2)
  6 mana vipers
  A manticore (D:12)
  An orb spider (shapeshifter) (D:12)
  3 cyclopes
  A salamander (Snake:2)
  6 large abominations
  3 black mambas
  A rust devil (Abyss:2)
  6 naga magi
  3 orange demons
  Maggie (D:9)
  A guardian serpent (Snake:3)
  A spiny frog (Lair:2)
  A rime drake (Lair:1)
  2 centaur skeletons
  2 kobold demonologists (D:11)
  2 efreet
  A hellion (Abyss:3)
  A komodo dragon (Lair:2)
  An ice devil (Orc:2)
  3 ancient zymes
  A tyrant leech (Lair:2)
  2 trolls (D:12)
  2 raiju (Abyss:3)
  Grinder (D:4)
  A hornet (D:10)
  4 hippogriffs
  A vampire (D:12)
  A spriggan (D:7)
  4 wraiths (Orc:2)
  4 ynoxinuls
  An air elemental (D:11)
  A shadow (D:12)
  15 yaks
  A fire elemental (D:11)
  A neqoxec (Abyss:3)
  A hungry ghost (D:12)
  A vampire mosquito (D:12)
  5 wargs
  Edmund (D:5)
  10 nagas
  2 chaos spawn (Abyss:3)
  3 swamp worms (Lair:2)
  4 water moccasins
  2 acid dragons (D:12)
  3 hell hounds (Abyss:2)
  18 orc warriors
  A phantom (D:9)
  4 ice beasts
  6 sky beasts
  3 black bears
  A necrophage (D:12)
  4 wolves (Lair:2)
  10 ogres
  9 centaurs
  3 big kobolds
  2 crocodiles
  A gnoll sergeant (D:9)
  A small abomination (Abyss:3)
  8 bullfrogs
  4 scorpions
  11 killer bees
  9 wights
  An electric eel (D:10)
  2 howler monkeys
  6 crimson imps
  A quasit (D:10)
  6 hounds
  21 orc priests
  3 jellies
  A bullfrog skeleton (D:4)
  15 orc wizards
  Jessica (D:3)
  6 iguanas
  10 worker ants
  A lightning spire (Gauntlet)
  3 big kobold zombies (Ossuary)
  A hound zombie (D:8)
  3 hound skeletons
  A mummy (Ossuary)
  2 worker ant zombies
  4 gnolls (D:9)
  8 adders
  6 shadow imps
  An ooze (D:3)
  3 adder skeletons
  An adder zombie (D:6)
  2 leopard geckos
  49 orcs
  4 bats
  3 giant cockroaches
  A gnoll zombie (Ossuary)
  2 goblins
  4 hobgoblins
  4 jackals
  3 kobolds
  5 quokkas
  A ball python (D:4)
  5 bat simulacra (Ossuary)
  2 frilled lizards
  3 goblin simulacra (Ossuary)
  2 goblin zombies (Ossuary)
  3 hobgoblin zombies (Ossuary)
  4 kobold zombies (Ossuary)
  4 orc zombies (Ossuary)
  4 rats
  A rat simulacrum (Ossuary)
  2 fungi (Lair:2)
484 creatures vanquished.

Vanquished Creatures (collateral kills)
  A naga sharpshooter (Snake:2)
  2 raiju (Gauntlet)
  A small abomination (Gauntlet)
  4 yaks (D:11)
  A water elemental (D:11)
  A phantom (D:11)
  A big kobold (D:11)
  An earth elemental (D:11)
  A kobold (D:11)
13 creatures vanquished.

Vanquished Creatures (others)
  A shadow wraith (Abyss:3)
  A naga mage (Snake:3)
  5 fungi
  5 plants (Gauntlet)
12 creatures vanquished.

Grand Total: 509 creatures vanquished

Notes
Turn   | Place    | Note
-------+----------+-------------------------------------------
     0 | D:1      | EnegeticOcto the Deep Dwarf Fighter began the quest for the
                  | Orb.
     0 | D:1      | Reached XP level 1. HP: 20/20 MP: 1/1
   164 | D:1      | Reached XP level 2. HP: 24/27 MP: 2/2
   250 | D:3      | Noticed Jessica
   266 | D:3      | Killed Jessica
   266 | D:3      | Reached skill level 1 in Dodging
   266 | D:3      | Reached XP level 3. HP: 19/34 MP: 3/3
   413 | D:4      | Noticed a scorpion
   418 | D:4      | Killed a scorpion
   418 | D:4      | Reached XP level 4. HP: 33/42 MP: 3/3
   430 | D:4      | Reached XP level 5. HP: 38/49 MP: 4/4
   539 | D:4      | Found a white marble altar of Elyvilon.
   906 | D:4      | Noticed Grinder
   908 | D:4      | Paralysed by Grinder for 5 turns
   933 | D:4      | Killed Grinder
   933 | D:4      | Reached XP level 6. HP: 56/58 MP: 4/4
  1125 | D:5      | Entered Level 5 of the Dungeon
  1130 | D:5      | Noticed a water moccasin
  1155 | D:5      | Killed a water moccasin
  1155 | D:5      | Reached XP level 7. HP: 55/66 MP: 5/5
  1156 | D:5      | Reached skill level 5 in Axes
  1223 | D:5      | Reached skill level 5 in Fighting
  1355 | D:5      | Noticed Edmund
  1389 | D:5      | Killed Edmund
  1389 | D:5      | Reached skill level 5 in Armour
  1389 | D:5      | Reached skill level 5 in Shields
  1389 | D:5      | Reached XP level 8. HP: 61/74 MP: 5/5
  1427 | D:5      | Noticed Prince Ribbit
  1701 | D:6      | Found a shimmering altar of Xom.
  2444 | D:7      | Found a sand-covered staircase.
  2457 | Ossuary  | Entered an ossuary
  2787 | D:7      | Gained mutation: You passively map the area around you.
                  | [Deep Dwarf growth]
  2787 | D:7      | Reached XP level 9. HP: 42/84 MP: 4/4
  2920 | D:7      | Reached skill level 5 in Dodging
  2959 | D:7      | Found a staircase to the Ecumenical Temple.
  3100 | Temple   | Entered the Ecumenical Temple
  3118 | Temple   | Became a worshipper of Makhleb the Destroyer
  3288 | D:7      | Reached skill level 1 in Invocations
  3664 | D:8      | You fall into a shaft and drop 1 floor!
  3770 | D:9      | Found a staircase to the Lair.
  3823 | D:8      | Reached XP level 10. HP: 64/94 MP: 7/7
  4049 | D:9      | Reached * piety under Makhleb
  4112 | D:9      | Noticed Maggie
  4140 | D:9      | Killed Maggie
  4634 | D:10     | Entered Level 10 of the Dungeon
  4781 | D:10     | Reached skill level 5 in Invocations
  4973 | D:10     | Reached ** piety under Makhleb
  5154 | D:10     | Paralysed by a hornet for 3 turns
  5159 | D:10     | Paralysed by a hornet for 3 turns
  5166 | D:10     | Paralysed by a hornet for 2 turns
  5476 | D:11     | Noticed a red ugly thing
  5492 | D:11     | Killed a red ugly thing
  5649 | D:11     | Reached XP level 11. HP: 78/104 MP: 4/6
  5880 | D:11     | Noticed a brown ugly thing
  5903 | D:11     | Killed a brown ugly thing
  5914 | D:11     | Noticed a two-headed ogre
  5927 | D:11     | Killed a two-headed ogre
  5927 | D:11     | Reached *** piety under Makhleb
  5930 | D:11     | Found a large runed translucent door.
  5930 | D:11     | Found a large runed translucent door.
  5956 | D:11     | Reached skill level 10 in Axes
  6011 | D:11     | Noticed a soul eater
  6091 | D:11     | Killed an unseen horror
  6251 | D:11     | Noticed a purple ugly thing
  6262 | D:11     | Killed a purple ugly thing
  6783 | D:12     | Found a gate leading to a gauntlet.
  6789 | Gauntlet | Entered a Gauntlet
  6789 | Gauntlet | Found a transporter.
  6789 | Gauntlet | Found a transporter.
  6793 | Gauntlet | Found a transporter.
  6793 | Gauntlet | Found a transporter.
  6802 | Gauntlet | Found a transporter.
  6821 | Gauntlet | Noticed a white ugly thing
  6821 | Gauntlet | Noticed a great orb of eyes
  6823 | Gauntlet | Found a transporter.
  6831 | Gauntlet | Found a transporter.
  6831 | Gauntlet | Found a transporter.
  6831 | Gauntlet | Noticed a blizzard demon
  6855 | Gauntlet | Found a transporter.
  6856 | Gauntlet | Noticed a blizzard demon
  6864 | Gauntlet | Found a transporter.
  6878 | Gauntlet | Found a transporter.
  6896 | Gauntlet | Found a transporter.
  6936 | Gauntlet | Found a transporter.
  6952 | Gauntlet | Found a transporter.
  6952 | Gauntlet | Noticed a five-headed hydra
  7053 | Gauntlet | Found a transporter.
  7067 | Gauntlet | Noticed a ghost crab
  7068 | Gauntlet | Found a transporter.
  7211 | Gauntlet | HP: 2/106 [blizzard demon/bolt of lightning (25)]
  7218 | Gauntlet | Killed a blizzard demon
  7313 | Gauntlet | Got a glittering silver ring
  7317 | Gauntlet | Got a pitted ruby amulet
  7318 | Gauntlet | Identified the amulet of Waoky {RegenMP rF- Str+3 Dex+3
                  | Slay+2} (You found it in a Gauntlet)
  7320 | Gauntlet | Identified the ring of the Sky {rC+ EV+1} (You found it in
                  | a Gauntlet)
  7350 | Gauntlet | Identified the +10 war axe of the Girdle {freeze, Int+4}
  7350 | Gauntlet | Identified the +4 ring mail of Cocytus {rC+ Stlth+}
  7350 | Gauntlet | Noticed a minotaur
  7390 | Gauntlet | Killed a minotaur
  7390 | Gauntlet | Reached XP level 12. HP: 115/115 MP: 2/2
  7403 | Gauntlet | Identified Viupp's Compendium of Igneous Venom
  7405 | Gauntlet | Identified the Volume of Shape Shifting
  7452 | D:12     | Noticed a death knight
  7469 | D:12     | Killed a death knight
  7526 | D:12     | Noticed an ogre mage
  7549 | D:12     | Killed an ogre mage
  7549 | D:12     | Reached skill level 10 in Invocations
  7583 | D:12     | Got a steaming pewter ring
  7609 | D:12     | Reached skill level 10 in Fighting
  7620 | D:12     | Noticed a catoblepas
  7893 | D:12     | Killed a catoblepas
  8012 | D:12     | Reached **** piety under Makhleb
  8133 | D:12     | Found a staircase to the Orcish Mines.
  8346 | D:12     | Noticed a two-headed ogre
  8354 | D:12     | Killed a two-headed ogre
  8441 | Orc:1    | Entered Level 1 of the Orcish Mines
  8476 | Orc:1    | Noticed an orc high priest
  8480 | Orc:1    | Found Ekhluwnorch's Antique Armour Shop.
  8534 | Orc:1    | Killed an orc high priest
  8931 | Orc:2    | Entered Level 2 of the Orcish Mines
  9057 | Orc:2    | Noticed Josephine
  9070 | Orc:2    | Killed Josephine
  9070 | Orc:2    | Reached XP level 13. HP: 123/124 MP: 3/3
  9127 | Orc:2    | Reached ***** piety under Makhleb
  9186 | Orc:2    | Found Couts's Food Shop.
  9207 | Orc:2    | Found Vacwazu's Magic Scroll Boutique.
  9674 | Orc:2    | Found a staircase to the Elven Halls.
  9761 | Orc:2    | Found Ramynan's Book Shoppe.
  9761 | Orc:2    | Found Fecsuexo's Antique Weapon Emporium.
  9761 | Orc:2    | Found a one-way gate leading to the halls of Pandemonium.
 10022 | Orc:2    | Identified the ring "Lirozuk" {*Tele rElec Int-3 Dex+3
                  | SInv} (You found it on level 12 of the Dungeon)
 10025 | Orc:2    | Gained mutation: You expend magic power (3 MP) to
                  | strengthen your wands. [potion of mutation]
 10025 | Orc:2    | Gained mutation: Your system is resistant to poisons.
                  | (rPois) [potion of mutation]
 10025 | Orc:2    | Gained mutation: Your mind is acute. (Int +2) [potion of
                  | mutation]
 10162 | Lair:1   | Entered Level 1 of the Lair of Beasts
 10367 | Lair:2   | Found a staircase to the Swamp.
 10438 | Lair:2   | Reached skill level 10 in Shields
 10501 | Lair:2   | Found a staircase to the Snake Pit.
 10513 | Snake:1  | Entered Level 1 of the Snake Pit
 10528 | Snake:1  | Reached skill level 10 in Armour
 10580 | Snake:2  | Noticed Vashnia
 10598 | Snake:2  | Gained mutation: You resist negative energy. (rN+) [Deep
                  | Dwarf growth]
 10598 | Snake:2  | Reached XP level 14. HP: 110/135 MP: 4/4
 10605 | Snake:2  | Noticed a nagaraja
 10623 | Snake:2  | Killed a nagaraja
 10672 | Snake:3  | Noticed a nagaraja
 10690 | Snake:3  | Killed a nagaraja
 10798 | Snake:3  | Reached ****** piety under Makhleb
 10828 | Snake:3  | Cast into level 2 of the Abyss (naga mage)
 10834 | Abyss:2  | Got a distressingly furry cloak
 11003 | Abyss:2  | Found a hazy altar of Hepliaklqana.
 11014 | Abyss:3  | Identified the +0 cloak "Pooraeps" {Regen+} (You found it
                  | on level 2 of the Abyss)
 11082 | Abyss:3  | Gained mutation: You are resistant to electric shocks.
                  | (rElec) [a neqoxec]
 11191 | Abyss:3  | Reached skill level 10 in Dodging
 11204 | Snake:3  | Escaped the Abyss
 11339 | Snake:3  | Noticed a nagaraja
 11356 | Snake:3  | Quit the game

Levels and vault maps discovered:
D:1:      evilmike_arrival_rings, layout_basic, serial_glass, glass_columns_a,
          glass_columns_b, feat_on_display, due_unseen_surprise,
          minmay_strange_pillars, minmay_strange_pillars
D:2:      layout_loops_cross
D:3:      layout_rooms, chequers_ecumenical_altar_twisty,
          nemelex_xobeh_ov_fountains_minmay, uniq_jessica
D:4:      cheibrodos_old_hovel, layout_basic, lemuel_crystal_altar,
          first_ration, minmay_curled_crystal, uniq_grinder
D:5:      minmay_spotlight, layout_cave_pools, uniq_edmund, uniq_prince_ribbit1
D:6:      layout_basic, basic_altar, hangedman_decor_growths
D:7:      layout_rooms, temple_fountains, nicolae_ossuary_entry_plus,
          grunt_ministairs_3, the_bakery, grunt_tough_drop
D:8:      layout_cave_pools
D:9:      layout_roguey, lair_entry_dummy, serial_aquarium,
          aquarium_bridge_square [aquarium_subvault_bridge,
          aquarium_subvault_wall, aquarium_subvault_wall,
          aquarium_subvault_window], aquarium_bridge_long_joined
          [aquarium_subvault_wall, aquarium_subvault_bridge,
          aquarium_subvault_bridge, aquarium_subvault_wall,
          aquarium_subvault_window, aquarium_subvault_balcony],
          aquarium_window_fake, aquarium_window_1, aquarium_view_2a, uniq_maggie
D:10:     layout_long_grid, nrook_pool_corridor
D:11:     lemuel_flame_loot_2, layout_irregular_city, lightli_elemental_guards
D:12:     minmay_the_grid_4x2 [minmay_the_grid_paths, minmay_the_grid_fan,
          minmay_the_grid_spikes, minmay_the_grid_mess,
          minmay_the_grid_dragon_b, minmay_the_grid_pillar_ring,
          minmay_the_grid_small_cups, minmay_the_grid_prize_shrinking_boxes],
          layout_long_grid, orc_0_dummy, gauntlet_entry_generic,
          nrook_mini_vaults
Temple:   nicolae_temple_the_god_donut
Lair:1:   layout_big_grid, chequers_serial_rivers_micro_a,
          infiniplex_staircase_pool
Lair:2:   layout_concentric_octagons, minmay_swamp_entry_worms,
          minmay_snake_entry_guardpost_medium, grunt_megastairs_3
Snake:1:  layout_chambers, uniq_frances
Snake:2:  layout_cave_town, gammafunk_ghost_berserking_beasts,
          grunt_megastairs_2, uniq_vashnia
Snake:3:  layout_chambers, guppyfry_library_mini
Orc:1:    layout_caves, serial_shops, nicolae_shop_overgrown_old_shop
Orc:2:    pf_orc_diabolical, layout_caves, nicolae_volcano_entry_s_turn,
          uniq_josephine

Skill      XL: |  1  2  3  4  5  6  7  8  9 10 11 12 13 14 |
---------------+-------------------------------------------+-----
Fighting       | 3 4 5 6 7 8 9 10 11 12 | 12.1
Dodging        | 1 2 3 4 5 6 7 8 9 10 | 10.1
Axes           | 3 4 5 7 8 9 10 12 13 | 13.9
Armour         | 4 5 6 7 8 9 10 | 10.6
Shields        | 4 5 6 7 8 9 10 | 10.7
Invocations    | 3 6 9 11 12 13 | 13.8

Action                   |  1- 3 |  4- 6 |  7- 9 | 10-12 | 13-15 || total
-------------------------+-------+-------+-------+-------+-------++-------
Melee: War axe           |    92 |   114 |   495 |   849 |   554 ||  2104
Invok: Lesser Servant of |       |       |       |    10 |     2 ||    12
 Abil: Heal Wounds       |     1 |     5 |    20 |    74 |    14 ||   114
  Use: Scroll            |       |       |    19 |     3 |     6 ||    28
       Potion            |       |       |       |       |     1 ||     1
 Stab: Distracted        |       |       |       |     3 |       ||     3
       Petrified         |       |       |       |     2 |       ||     2
  Eat: Chunk             |       |     1 |    10 |    19 |     9 ||    39
Armor: Scale mail        |    49 |    28 |       |       |       ||    77
       Chain mail        |       |    57 |   259 |       |       ||   316
       Plate armour      |       |       |    29 |   506 |   175 ||   710
Dodge: Dodged            |    28 |    37 |   173 |   304 |   202 ||   744
Block: Kite shield       |    56 |    74 |   310 |   566 |   344 ||  1350

Table legend:
 A = Non-vault XP
 B = Vault XP
 C = Vault XP percentage of total XP
 D = Non-vault monster count
 E = Vault monster count
 F = Vault count percentage of total count
                 A         B        C        D         E       F
            +---------+---------+-------+---------+---------+-------
      Total |   51307 |   42206 |  45.1 |     329 |     168 |  33.8
            +---------+---------+-------+---------+---------+-------
        D:1 |      12 |       0 |   0.0 |       8 |       0 |   0.0
        D:2 |       8 |       0 |   0.0 |       4 |       0 |   0.0
        D:3 |      32 |      37 |  53.6 |       9 |       1 |  10.0
        D:4 |     317 |     279 |  46.8 |      15 |       2 |  11.8
        D:5 |     806 |     274 |  25.4 |      13 |       2 |  13.3
        D:6 |     311 |       0 |   0.0 |       9 |       0 |   0.0
        D:7 |    1143 |     767 |  40.2 |      17 |      10 |  37.0
        D:8 |     786 |       0 |   0.0 |      16 |       0 |   0.0
        D:9 |    1555 |     428 |  21.6 |      25 |       1 |   3.8
       D:10 |    1789 |       0 |   0.0 |      20 |       0 |   0.0
       D:11 |    8464 |     629 |   6.9 |      54 |       4 |   6.9
       D:12 |    5374 |    8775 |  62.0 |      29 |      24 |  45.3
     Lair:1 |     653 |       0 |   0.0 |       2 |       0 |   0.0
     Lair:2 |    2017 |    1863 |  48.0 |      12 |       9 |  42.9
    Snake:1 |    1163 |       0 |   0.0 |       3 |       0 |   0.0
    Snake:2 |    1911 |    4454 |  70.0 |       3 |       6 |  66.7
    Snake:3 |    9673 |    2610 |  21.2 |      14 |       8 |  36.4
      Orc:1 |    1997 |       0 |   0.0 |      17 |       0 |   0.0
      Orc:2 |    1408 |   19091 |  93.1 |      27 |      67 |  71.3
    Abyss:2 |    2999 |       0 |   0.0 |       9 |       0 |   0.0
    Abyss:3 |    8889 |       0 |   0.0 |      23 |       0 |   0.0
    Ossuary |       0 |     121 | 100.0 |       0 |      27 | 100.0
   Gauntlet |       0 |    2878 | 100.0 |       0 |       7 | 100.0
            +---------+---------+-------+---------+---------+-------
